AoeStats
← OmarGutieG

Lombardia

507710450Analyzed
2v2 RM · 14d ago on Sep 19, 2026· 51m 52s· 4 players
Game mode
Random Map
Map size
Medium (4 player)
Population
200
Speed
Normal
Resources
Standard
Victory
Conquest
Starting age
Dark Age
Ending age
Imperial Age
RankedLock teamsTeams togetherTeam positionsShared explorationLock speedFull tech treeHidden civsTurbo modeCheats
Victory
Defeat
🇲🇽 Magyars · Mexico
1315
+14
🇲🇽 Britons · Mexico
1298
+15
🇳🇱 Magyars · Netherlands
1279
-14
🇪🇸 Malay · Spain
1279
-15
cueromagico2
5:07 Loom
11:08 Feudal Age
11:57 Double-Bit Axe
12:01 Horse Collar
17:52 Wheelbarrow
21:06 Castle Age
19:50 Gold Mining
21:20 Bow Saw
20:37 Crossbowman
21:23 Thumb Ring
21:55 Town Watch
22:51 Fletching
25:09 Ballistics
24:46 Bodkin Arrow
26:07 Padded Archer Armor
27:22 Hand Cart
30:28 Stone Mining
30:46 Heavy Plow
32:14 Leather Archer Armor
32:19 Forging
31:49 Elite Skirmisher
37:42 Imperial Age
36:15 Masonry
36:18 Careening
36:26 Arbalester
37:39 Ring Archer Armor
37:10 Bracer
37:42 Ring Archer Armor
37:30 Squires
37:15 Arson
36:52 Man-at-Arms
39:08 Pikeman
39:08 Long Swordsman
40:11 Halberdier
40:12 Two-Handed Swordsman
41:16 Conscription
40:58 Forced Levy
42:07 Chemistry
40:48 Treadmill Crane
41:04 Murder Holes
45:42 Iron Casting
45:44 Crop Rotation
45:31 Siege Engineers
49:09 Husbandry
48:29 Elite Battle Elephant
49:51 Scale Barding Armor
50:47 Blast Furnace
jordialg97
5:15 Loom
11:26 Feudal Age
13:52 Bloodlines
16:05 Double-Bit Axe
18:03 Scale Barding Armor
19:46 Wheelbarrow
19:48 Horse Collar
23:04 Castle Age
22:14 Stone Mining
22:14 Gold Mining
24:48 Bow Saw
26:36 Husbandry
26:47 Town Watch
28:31 Heavy Plow
31:42 Chain Barding Armor
32:08 Hand Cart
32:10 Fletching
37:33 Light Cavalry
39:09 Corvinian Army
47:17 Imperial Age
47:41 Elite Magyar Huszar
48:42 Conscription
49:05 Plate Barding Armor
48:26 Bodkin Arrow
47:53 Cavalier
armigame1
10:40 Feudal Age
15:50 Castle Age
18:44 Bloodlines
18:43 Scale Barding Armor
18:31 Gold Mining
21:19 Double-Bit Axe
22:54 Loom
28:12 Horse Collar
28:57 Chain Barding Armor
29:37 Wheelbarrow
30:54 Hand Cart
32:37 Husbandry
37:09 Imperial Age
34:25 Town Watch
34:44 Heavy Plow
37:15 Cavalier
39:00 Plate Barding Armor
40:15 Gold Shaft Mining
39:35 Light Cavalry
41:12 Bow Saw
41:46 Conscription
42:30 Paladin
46:01 Hussar
47:00 Caravan
51:26 Town Patrol
OmarGutieG
5:15 Loom
10:14 Feudal Age
14:40 Castle Age
14:11 Double-Bit Axe
14:18 Horse Collar
20:26 Gold Mining
20:46 Fletching
22:56 Bodkin Arrow
23:31 Padded Archer Armor
26:19 Leather Archer Armor
26:28 Ballistics
27:52 Wheelbarrow
27:41 Town Watch
29:31 Bow Saw
31:06 Hand Cart
32:04 Yeomen
32:38 Heavy Plow
36:58 Imperial Age
37:04 Elite Longbowman
38:04 Conscription
38:48 Bracer
39:19 Ring Archer Armor
40:20 Chemistry
41:00 Masonry
40:33 Treadmill Crane
42:46 Town Patrol
50:45 Warwolf
Connection lost

Rejoining the realm…

Still unreachable

The connection could not be restored.

Session expired

The server has moved on; the page needs a fresh start.